 Dungeon Crawl Stone Soup version 0.19-a0-1079-g88a7474 (webtiles) character file.

20 mistymad the Magician (level 2, 0/15 HPs)
             Began as a Deep Elf Fire Elementalist on Aug 6, 2016.
             Slain by a sky beast (5 damage)
             ... on level 1 of the Dungeon.
             The game lasted 00:02:06 (1147 turns).

mistymad the Magician (Deep Elf Fire Elementalist)  Turns: 1147, Time: 00:02:06

Health: 0/15       AC:  2    Str:  5    XL:     2   Next: 58%
Magic:  7/8        EV: 13    Int: 19    God:
Gold:   15         SH:  0    Dex: 15    Spells: 1 memorised, 7 levels left

rFire  . . .     SeeInvis .     (no weapon)
rCold  . . .     Gourm    .     a - +0 robe
rNeg   . . .     Faith    .     (no shield)
rPois  .         Spirit   .     (no helmet)
rElec  .         Dismiss  .     (no cloak)
rCorr  .         Reflect  .     (no gloves)
SustAt .         Harm     .     (no boots)
MR     .....                    (no amulet)
Stlth  ++........               (no ring)
                                (no ring)

@:
A: no striking features
a: no special abilities


You were on level 1 of the Dungeon.
You were not hungry.

You visited 1 branch of the dungeon, and saw 1 of its levels.

You collected 15 gold pieces.

Inventory:

Armour
 a - a +0 robe (worn)
Scrolls
 g - a scroll of noise {unknown}
 h - 2 scrolls of identify {unknown}
 i - a scroll of magic mapping {unknown}
 j - a scroll of remove curse {unknown}
 l - a scroll of enchant armour {unknown}
 m - a scroll of enchant weapon {unknown}
Potions
 e - 2 potions of ambrosia {unknown}
 f - a potion of mutation {unknown}
 k - a potion of magic {unknown}
Books
 b - a book of Flames

   Spells                             Type                      Level
   a - Flame Tongue                   Conjuration/Fire             1
   b - Throw Flame                    Conjuration/Fire             2
   c - Conjure Flame                  Conjuration/Fire             3
   d - Inner Flame                    Hexes/Fire                   3
   e - Sticky Flame                   Conjuration/Fire             4
   f - Fireball                       Conjuration/Fire             5
Comestibles
 c - a bread ration
 d - a chunk of flesh


   Skills:
 - Level 2.4 Dodging
 - Level 2.4 Stealth
 + Level 3.5 Spellcasting
 + Level 2.0 Conjurations
 + Level 3.5 Fire Magic


You had 7 spell levels left.
You knew the following spells:

 Your Spells              Type           Power        Failure   Level  Hunger
a - Flame Tongue          Conj/Fire      ##...        6%          1    None


Dungeon Overview and Level Annotations

Branches:
Dungeon (1/15)

Altars:


Message History

Found a stone staircase leading down.
Eating one of 2 chunks of flesh.
You start eating one of the 2 chunks of flesh.
You are feeling hungry.
You continue eating. x2
You finish eating.
This raw flesh tastes terrible.
A sky beast comes into view.
A sky beast is nearby!
You hit the sky beast.
The sky beast is lightly wounded.
The sky beast hits you. The sky beast shocks you.
You take 9 damage, and have 6/15 hp.
MASSIVE DAMAGE!!
Casting: Flame Tongue
Confirm with . or Enter, or press ? or * to list all spells.
Aiming: Flame Tongue
Press: ? - help, Shift-Dir - straight line, f - sky beast
Aim: a sky beast (lightly wounded)
The flame tongue misses the sky beast.
The sky beast hits you. The sky beast shocks you.
You die...

..........))รท..#..##..#.####
..........#....#..##..#.#
...###.##.#....#..##..#.#
...###.##.#...........#.#
......................#.#
...######.#..#.#..###.#.#
..........#..#.#..###.#.#
........................#####
...............Y@............
.#.######.#..#.#..###...######
.............#...............#
##.#+####.#..#..........######
......# #.#..#.#.#......###
.#....###.#...............#
......+..........#.##..####
......###.#..#.###.##..#
.............#.# #.##..#


You could see a sky beast.

Vanquished Creatures
  A dart slug (D:1)
  2 bats (D:1)
  4 goblins (D:1)
  4 hobgoblins (D:1)
  3 kobolds (D:1)
  A giant newt (D:1)
15 creatures vanquished.

Notes
Turn   | Place    | Note
-------+----------+-------------------------------------------
     0 | D:1      | mistymad the Deep Elf Fire Elementalist began the quest for the Orb.
     0 | D:1      | Reached XP level 1. HP: 10/10 MP: 6/6
   528 | D:1      | Reached XP level 2. HP: 15/15 MP: 6/8
  1139 | D:1      | Noticed a sky beast
  1147 | D:1      | Slain by a sky beast

Vault maps used:
D:1:      minmay_arrival_glassed_features

Skill      XL: |  1  2 |
---------------+-------+-----
Conjurations   | 2 |  2.0
Dodging        | |  2.4
Stealth        | |  2.4
Spellcasting   | |  3.5
Fire Magic     | |  3.5

Action                   || total
-------------------------++-------
Melee: Unarmed           ||     1
 Cast: Flame Tongue      ||    24
  Eat: Chunk             ||     1
Armor: Robe              ||     2
Dodge: Dodged            ||     5
